Map: Omicron

Players

drow - Winner!

  • Race: Zerg Zerg
  • League: Gold
  • Spawn Location: 3:00

Zockmann - Winner!

  • Race: Terran Terran
  • Spawn Location: 1:00

granos

  • Race: Terran Terran
  • League: Platinum
  • Spawn Location: 7:00

rafalzdw

  • Race: Protoss Protoss
  • League: Platinum
  • Spawn Location: 9:00

VOD

Have the link to the VOD?

Description

Time

  • Played on: Jan. 20, 2016, 2:33 p.m.
  • Length: 22:29
Show
View Real Time Build Order
Export as new Build Order

drow Zerg - Winner!

Build Orders: Hatch First, Ravager All-In 

Get SALT Encoding   

  12  0:01  Drone  
  13  0:13  Overlord  
  13  0:22  Drone  
  14  0:32  Drone x2  
  16  0:35  Drone  
  17  0:56  Hatchery  
  16  0:57  Drone  
  17  1:14  Drone, Spawning Pool  
  17  1:17  Extractor  
  16  1:21  Drone  
  17  1:27  Drone  
  17  1:32  Drone  
  19  1:40  Drone  
  20  1:51  Overlord  
  20  2:03  Drone  
  20  2:07  Roach Warren, Queen  
  20  2:08  Queen  
  24  2:20  Drone x3  
  27  2:32  Drone x2, Extractor  
  28  2:47  Queen  
  28  2:48  Roach  
  28  2:49  Roach x2  
  36  3:07  Overlord  
  36  3:09  Overlord  
  38  3:27  Roach x7  
  38  3:32  Overlord  
  50  3:35  Ravager  
  51  3:44  Extractor  
  51  3:46  Ravager  
  51  3:58  Ravager  
  52  4:03  Drone x8  
  60  4:17  Overlord x2  
  60  4:36  Roach x5  
  70  4:45  Lair  
  70  4:46  Drone  
  70  4:49  Ravager  
  70  4:50  Ravager  
  73  5:10  Roach  
  73  5:11  Overlord x3  
  73  5:12  Ravager  
  76  5:34  Drone x9  
  85  5:37  Roach  
  85  5:56  Roach x5  
  92  6:05  Glial Reconstitution  
  90  6:11  Hatchery  
  90  6:16  Roach x2  
  90  6:17  Roach x3  
  99  6:31  Overlord, Ravager  
  99  6:32  Overlord x4  
  100  6:49  Extractor  
  100  6:50  Roach x4  
  100  6:51  Roach x3  
  113  7:00  Hatchery  
  104  7:13  Roach x4  
  104  7:15  Ravager x6  
  116  7:16  Ravager x6  
  116  7:18  Roach  
  116  7:19  Overlord x2, Roach  
  115  7:41  Ravager  
  78  7:57  Roach  
  78  7:58  Roach x8  
  94  8:15  Queen  
  89  8:43  Roach x8  
  89  8:44  Roach  
  91  9:05  Ravager  
  68  9:18  Ravager x5  
  68  9:19  Ravager x4  
  68  9:21  Roach  
  68  9:22  Roach x3, Zergling x16  
  68  9:23  Queen  
  95  9:26  Drone x3  
  98  9:45  Roach x4, Zergling x6  
  109  9:46  Metabolic Boost  
  109  9:55  Spine Crawler  
  109  9:57  Spine Crawler, Roach  
  109  9:58  Spine Crawler, Roach x3, Queen  
  116  10:11  Extractor  
  116  10:13  Roach x6  
  127  10:16  Extractor  
  127  10:17  Evolution Chamber  
  127  10:20  Evolution Chamber  
  123  10:22  Drone  
  123  10:23  Roach x8  
  92  11:07  Roach x7  
  92  11:08  Roach x12  
  129  11:13  Evolution Chamber  
  109  11:53  Drone x5  
  110  11:56  Zerg Ground Armor Level 1  
  110  11:57  Zerg Missile Weapons Level 1  
  110  12:12  Spawning Pool  
  79  13:05  Zergling x8  
  82  13:11  Queen  
  84  13:19  Queen  
  84  13:22  Overlord x11  
  86  13:31  Roach Warren, Queen  
  86  13:32  Spore Crawler, Drone  
  86  13:33  Hatchery, Spine Crawler  
  85  13:47  Queen  
  87  14:00  Drone x3  
  90  14:03  Drone x2  
  90  14:06  Queen  
  94  14:24  Roach x2  
  98  14:27  Drone  
  99  14:52  Roach x5  
  117  14:53  Roach x11  
  95  15:17  Roach x8  
  95  15:18  Roach x2  
  107  15:25  Queen  
  104  15:29  Drone x3  
  105  15:48  Spore Crawler  
  104  15:50  Spore Crawler  
  104  15:51  Spore Crawler  
  104  15:54  Spine Crawler  
  104  15:56  Zerg Ground Armor Level 2  
  101  16:01  Roach  
  101  16:26  Ravager  
  101  16:31  Ravager x6  
  101  16:32  Ravager x3  
  111  16:37  Queen  
  111  16:38  Drone x11  
  111  16:39  Roach x4  
  127  16:56  Drone x2  
  127  16:59  Spore Crawler  
  127  17:00  Spore Crawler  
  119  17:27  Spine Crawler  
  119  17:29  Drone x4, Spine Crawler  
  114  17:58  Queen  
  88  18:17  Ravager  
  58  18:28  Roach x9  
  58  18:29  Roach x2  
  58  18:31  Roach x7  
  86  18:42  Roach x5  
  79  19:19  Drone  
  80  19:28  Roach x6  
  70  19:50  Roach  
  70  19:51  Roach x2  
  67  20:05  Extractor  
  54  20:09  Ravager  
  55  20:17  Overseer  
  55  20:20  Zergling x12  
  55  20:21  Zergling x14  
  68  20:50  Hatchery  
  68  20:53  Roach x2  
  70  21:50  Roach x13  
  94  22:04  Drone  
Show
View Real Time Build Order
Export as new Build Order

Zockmann Terran - Winner!

Build Orders: Reaper Expand 

Get SALT Encoding   

  12  0:01  SCV  
  13  0:13  SCV  
  14  0:18  Supply Depot  
  14  0:25  SCV  
  15  0:39  SCV  
  15  0:40  Barracks  
  16  0:50  Refinery  
  16  0:51  SCV  
  17  1:03  SCV  
  18  1:15  SCV  
  19  1:30  Orbital Command  
  19  1:34  Reaper  
  20  1:44  Command Center  
  20  1:56  SCV  
  21  2:06  Reaper  
  21  2:08  Supply Depot, SCV  
  22  2:15  Barracks  
  23  2:23  Barracks  
  22  2:43  SCV  
  23  2:50  Barracks Reactor  
  23  2:56  Engineering Bay  
  23  2:58  SCV  
  25  2:59  Engineering Bay, Orbital Command  
  24  3:10  SCV, Supply Depot  
  25  3:29  SCV x2  
  25  3:31  Barracks Tech Lab  
  25  3:33  Barracks Reactor, Supply Depot  
  26  3:37  Supply Depot  
  25  3:41  Supply Depot  
  25  3:42  Marine x2  
  25  3:44  Terran Infantry Weapons Level 1  
  27  3:48  SCV  
  27  3:50  Refinery  
  28  3:59  Marine x2  
  28  4:00  Marauder  
  32  4:07  Orbital Command  
  32  4:08  SCV  
  33  4:10  Terran Infantry Armor Level 1  
  33  4:12  Supply Depot  
  33  4:14  Supply Depot  
  33  4:15  Marine  
  34  4:17  Marine  
  34  4:22  Marine  
  34  4:24  SCV  
  37  4:30  Marine x2  
  39  4:33  Marine  
  39  4:37  SCV x2  
  42  4:44  Factory  
  42  4:46  Stimpack  
  42  4:49  SCV  
  42  4:51  Refinery  
  42  4:52  Marine  
  44  4:53  Marine  
  45  5:01  Missile Turret  
  45  5:03  Missile Turret  
  45  5:06  Missile Turret  
  45  5:11  Marine  
  45  5:12  Marine  
  45  5:13  Missile Turret  
  47  5:15  Marine  
  47  5:20  Marauder  
  50  5:27  Marine  
  51  5:29  Factory Reactor, Marine  
  51  5:31  Starport  
  52  5:37  Armory  
  52  5:39  Marine  
  53  5:46  SCV, Refinery  
  53  5:47  SCV  
  55  5:56  Marine x3  
  52  6:23  Marine x4  
  52  6:24  Marauder  
  58  6:41  Marine x2  
  58  6:45  Marauder  
  62  6:56  Marine x2  
  62  6:58  Marine  
  62  6:59  Medivac, Marine  
  68  7:06  Marauder  
  67  7:21  Marine x2  
  69  7:28  Marauder  
  69  7:29  Medivac  
  65  7:49  Marauder  
  60  8:08  Medivac  
  60  8:10  Marauder  
  63  8:38  Medivac  
  65  8:44  Marine x3  
  65  8:45  Marauder, Widow Mine x2, Marine  
  72  9:06  Marauder  
  72  9:08  Medivac  
  70  9:13  Widow Mine  
  66  9:28  Marauder  
  68  9:36  SCV  
  68  9:38  Medivac  
  71  9:48  SCV  
  72  10:00  SCV  
  73  10:12  SCV  
  76  10:24  SCV, Marauder, Marine x4  
  81  10:41  Marine x2  
  81  10:42  Marine x2  
  85  10:46  Marauder  
  70  12:12  Marine x2, Medivac x2  
  70  12:13  Marine x3  
  74  12:30  Marine x2  
  64  12:42  Medivac  
  50  12:58  SCV  
  47  13:10  SCV  
  48  13:22  SCV  
  49  13:44  Missile Turret x2  
  49  13:48  Missile Turret  
  49  13:56  Marauder, Marine x3  
  54  14:13  Marine  
  54  14:14  Marine x2  
  57  14:18  Marauder  
  59  14:31  Marine  
  60  14:39  Marauder  
  60  14:45  SCV  
  63  15:00  Marauder  
  65  15:19  Marine  
  65  15:20  Marine  
  57  15:53  Command Center  
  55  16:06  Medivac  
  55  16:07  Medivac  
  47  17:18  Marine x3, Marauder  
  49  17:39  Marauder  
  51  18:00  Marauder  
  47  18:22  Marauder  
  41  18:42  Marine  
  41  18:43  Marine x3  
  45  19:00  Marine x2  
  45  19:01  Marine  
  48  19:30  Marine  
  48  19:31  Marine x3  
  45  19:48  Marine x2  
  45  19:49  Marine x2  
  43  20:06  Marine x4  
  47  20:21  Orbital Command  
  47  20:52  Marine  
  46  21:09  Orbital Command  
  46  21:23  Orbital Command  
Show
View Real Time Build Order
Export as new Build Order

granos Terran 

Build Orders: MMM Bio 

Get SALT Encoding   

  12  0:02  SCV  
  13  0:14  SCV  
  14  0:27  SCV  
  15  0:31  Supply Depot  
  15  0:52  SCV, Refinery  
  15  0:56  Barracks  
  16  1:04  SCV  
  17  1:17  SCV  
  18  1:29  SCV  
  19  1:41  SCV  
  19  1:44  Reaper  
  21  1:55  Orbital Command  
  21  1:59  Command Center  
  21  2:07  Supply Depot  
  21  2:14  Barracks  
  21  2:17  Factory  
  21  2:27  Marine  
  22  2:43  SCV  
  23  2:55  SCV  
  23  2:56  Marine  
  25  3:04  Widow Mine  
  27  3:07  SCV, Marine  
  29  3:14  Marine  
  29  3:19  SCV  
  30  3:39  SCV  
  31  3:44  Refinery  
  31  3:48  Factory Tech Lab, Barracks Tech Lab  
  31  3:50  Starport  
  31  3:51  SCV  
  32  4:01  Orbital Command  
  32  4:03  SCV  
  33  4:15  SCV  
  33  4:16  Barracks Reactor  
  34  4:20  Marine  
  35  4:27  SCV  
  35  4:37  Siege Tank  
  35  4:38  Marine  
  38  4:39  SCV x2  
  41  4:48  Refinery  
  41  4:50  Supply Depot  
  41  4:51  SCV  
  42  4:55  Marine x2  
  42  4:56  Marine  
  42  4:57  SCV  
  46  5:00  Supply Depot  
  46  5:13  Marine  
  46  5:14  Marine  
  47  5:17  Siege Tank  
  50  5:23  Supply Depot  
  49  5:30  Marine  
  49  5:31  Marine  
  49  5:35  SCV x2  
  53  5:45  Supply Depot  
  53  5:47  SCV  
  53  5:49  Siege Tank  
  57  6:02  Marine x3, Liberator  
  60  6:06  Orbital Command  
  60  6:15  SCV  
  60  6:20  Marine x3  
  66  6:26  Barracks  
  66  6:28  SCV, Barracks  
  66  6:30  Barracks  
  67  6:33  Command Center  
  67  6:39  Marauder, Refinery, Marine x2  
  70  6:40  SCV  
  70  6:47  Stimpack  
  72  6:52  SCV  
  73  6:56  SCV  
  73  7:01  Engineering Bay, Liberator  
  73  7:15  Siege Tank  
  51  7:45  Barracks Reactor x3, Marine, Marauder  
  51  7:46  Marine  
  51  7:47  SCV x2  
  53  7:59  SCV  
  53  8:03  Marine  
  53  8:04  Marine  
  56  8:06  Siege Tank, Marauder  
  61  8:22  Starport Reactor  
  61  8:28  Marauder  
  56  8:48  Marine x2  
  56  8:49  Marauder, Marine x6  
  56  8:50  Siege Tank  
  64  9:06  Marine x2  
  47  9:11  Marauder  
  48  9:18  Marine x4  
  48  9:19  Marine  
  48  9:20  Medivac x2  
  48  9:22  Siege Tank  
  60  9:25  SCV  
  59  9:40  Combat Shields  
  59  9:48  Barracks Tech Lab  
  59  9:50  Medivac  
  61  9:53  Planetary Fortress  
  61  10:01  Marine x2  
  63  10:13  Terran Infantry Weapons Level 1  
  63  10:14  Supply Depot  
  63  10:17  Supply Depot  
  63  10:18  Concussive Shells  
  63  10:20  Marauder  
  65  10:27  Liberator  
  65  10:41  Marine  
  65  10:42  Marauder x2, Marine  
  62  11:03  Marauder  
  55  11:15  Marine  
  55  11:16  Marine x4, Marauder  
  62  11:22  Marine  
  62  11:24  Marauder  
  57  11:33  Marine  
  57  11:37  Marauder  
  58  11:46  Siege Tank, Marauder  
  27  13:29  Orbital Command  
  27  13:44  Siege Tank  
  30  13:49  Marine x7  
  30  13:50  Marine  
  30  13:52  Medivac x2  
  42  14:02  Refinery  
  42  14:05  Liberator  
  45  14:34  Marine x3  
  45  14:35  Marine x2  
  42  15:10  Marauder, Marine  
  42  15:11  Marauder, Marine  
  46  15:18  Marine x2  
  45  15:32  Marauder x2  
  49  15:50  Command Center  
  49  15:54  SCV  
  49  16:07  SCV  
  50  16:19  SCV  
  48  16:29  Marine x4  
  52  16:33  Marine x2  
  52  16:44  Marauder, Marine  
  54  17:01  SCV  
  44  17:23  Marine x2  
  44  17:24  Marine x3  
  44  17:26  Medivac  
  44  17:28  Terran Infantry Armor Level 1  
  26  18:23  Marine  
  26  18:24  Marauder  
  16  18:34  SCV  
  17  18:46  SCV  
    20:24  SCV  
Show
View Real Time Build Order
Export as new Build Order

rafalzdw Protoss 

Build Orders: Nexus First 

Get SALT Encoding   

  12  0:01  Probe (Chrono Boost)  
  13  0:11  Probe (Chrono Boost)  
  14  0:19  Pylon  
  14  0:22  Probe (Chrono Boost)  
  15  0:37  Probe (Chrono Boost)  
  16  0:47  Probe (Chrono Boost)  
  17  0:58  Probe (Chrono Boost)  
  17  1:04  Nexus  
  18  1:08  Probe (Chrono Boost)  
  19  1:16  Gateway  
  19  1:19  Probe (Chrono Boost)  
  19  1:24  Assimilator  
  20  1:29  Pylon  
  20  1:33  Probe (Chrono Boost)  
  21  1:43  Probe (Chrono Boost)  
  22  1:50  Assimilator  
  23  1:54  Probe (Chrono Boost)  
  23  2:03  Cybernetics Core  
  23  2:05  Probe (Chrono Boost)  
  24  2:15  Probe (Chrono Boost)  
  25  2:27  Gateway  
  25  2:29  Gateway, Warp Gate (Chrono Boost)  
  27  2:30  Probe x2 (Chrono Boost)  
  27  2:39  Stalker (Chrono Boost)  
  27  2:40  Probe x2 (Chrono Boost)  
  31  2:51  Probe  
  31  2:52  Probe  
  33  3:04  Mothership Core  
  33  3:05  Probe  
  36  3:09  Stalker (Chrono Boost)  
  42  3:23  Stalker (Chrono Boost)  
  42  3:24  Stalker (Chrono Boost), Pylon  
  42  3:29  Probe x2  
  44  3:35  Stalker (Chrono Boost)  
  46  3:43  Robotics Facility  
  46  3:49  Gateway  
  46  3:51  Gateway  
  46  3:53  Probe  
  47  3:59  Probe  
  48  4:05  Probe  
  49  4:11  Probe  
  49  4:14  Assimilator  
  50  4:17  Probe  
  50  4:18  Pylon, Assimilator  
  50  4:23  Probe  
  52  4:27  Twilight Council  
  52  4:30  Probe, Forge  
  53  4:37  Adept x2  
  57  4:39  Probe  
  57  4:42  Probe  
  57  4:43  Observer  
  60  4:49  Pylon  
  60  4:52  Probe  
  61  4:53  Protoss Ground Weapons Level 1  
  61  4:54  Probe  
  62  5:07  Probe x2  
  62  5:08  Resonating Glaives (Chrono Boost), Observer  
  65  5:19  Probe x2  
  67  5:27  Adept  
  69  5:31  Pylon  
  69  5:32  Probe  
  69  5:33  Pylon  
  69  5:35  Pylon  
  70  5:43  Probe  
  70  5:47  Stalker  
  70  5:49  Immortal  
  74  5:51  Stalker x2  
  74  5:52  Stalker  
  75  6:17  Nexus  
  75  6:18  Adept  
  75  6:19  Adept x4  
  75  6:20  Pylon  
  85  6:34  Forge, Pylon  
  85  6:36  Probe, Pylon, Protoss Ground Armor Level 1  
  85  6:37  Pylon  
  86  6:43  Gateway  
  86  6:46  Cybernetics Core  
  86  6:50  Gateway  
  86  6:53  Gateway  
  86  6:57  Adept x2  
  88  7:15  Pylon  
  88  7:17  Adept x2  
  88  7:18  Adept x3  
  68  7:53  Zealot x2  
  68  7:55  Adept x3  
  68  7:57  Immortal (Chrono Boost)  
  66  8:06  Mothership Core  
  68  8:14  Stalker x4  
  68  8:15  Stalker x4  
  84  8:35  Immortal (Chrono Boost)  
  84  8:37  Stalker  
  84  8:38  Stalker x2  
  84  8:40  Stalker  
  96  8:44  Stalker  
  98  8:49  Stalker  
  100  9:00  Stalker x2  
  79  9:11  Stalker x2  
  79  9:12  Stalker x2  
  79  9:23  Probe x2  
  81  9:27  Immortal (Chrono Boost)  
  81  9:29  Adept x3  
  91  9:35  Probe x2  
  91  9:36  Protoss Ground Weapons Level 2 (Chrono Boost)  
  93  9:47  Probe x2  
  93  9:49  Assimilator  
  93  9:52  Assimilator  
  95  9:57  Robotics Bay  
  95  9:59  Probe  
  96  10:01  Immortal (Chrono Boost)  
  96  10:06  Protoss Ground Armor Level 2 (Chrono Boost)  
  100  10:10  Pylon  
  100  10:12  Probe  
  100  10:13  Probe  
  102  10:17  Charge  
  102  10:31  Adept x4  
  110  10:44  Nexus  
  106  10:52  Pylon  
  66  11:06  Stalker x2  
  66  11:07  Stalker x4  
  74  11:14  Colossus (Chrono Boost)  
  74  11:16  Extended Thermal Lance  
  75  11:29  Stalker  
  75  11:30  Stalker x2  
  75  11:31  Stalker  
  82  11:49  Stalker x2  
  82  11:51  Sentry  
  94  12:08  Colossus (Chrono Boost)  
  94  12:18  Stalker  
  94  12:21  Sentry  
  98  12:24  Sentry  
  61  12:52  Stalker x3  
  61  12:53  Stalker  
  64  13:00  Zealot  
  64  13:05  Probe x2  
  68  13:33  Nexus  
  68  13:40  Sentry x2  
  72  13:47  Zealot  
  76  14:10  Mothership Core (Chrono Boost)  
  76  14:25  Zealot x2  
  80  14:37  Dark Shrine  
  80  14:39  Pylon  
  58  15:14  Zealot x2  
  58  15:15  Zealot x4  
  64  15:29  Stalker  
  64  15:35  Stalker  
  66  15:56  Dark Templar  
  68  16:37  Nexus  
  64  17:25  Dark Templar  
  65  17:49  Zealot  
  65  18:10  Dark Templar x2  
  69  18:37  Dark Templar x4  
  68  19:06  Zealot x4  
  66  19:17  Pylon x2  
  65  19:27  Dark Templar x2  
  65  19:28  Dark Templar x2  
  38  20:16  Zealot  
  40  20:35  Zealot  
  42  20:42  Sentry  
Tags
 
Add a new tag
Caveats
  • Supply blocks, unpowered buildings, or Contaminate may cause inaccurate times.
  • Supply counts are checked every 10 seconds.